AoeStats
← wayd21

Four Lakes

509793355Analyzed
1v1 RM · 5d ago on Sep 28, 2026· 30m 42s· 2 players
Game mode
Random Map
Map size
Tiny (2 player)
Population
200
Speed
Normal
Resources
Standard
Victory
Conquest
Starting age
Dark Age
Ending age
Imperial Age
RankedLock teamsTeams togetherTeam positionsShared explorationLock speedFull tech treeHidden civsTurbo modeCheats
Victory
Defeat
🇨🇴 Dravidians · Colombia
962
+16
🇦🇺 Teutons · Australia
952
-46
TROY IS MY DAD
13:02 Feudal Age
14:22 Wheelbarrow
14:28 Double-Bit Axe
14:30 Horse Collar
20:09 Stone Mining
20:10 Gold Mining
24:20 Scale Barding Armor
24:15 Padded Archer Armor
24:05 Fletching
26:53 Castle Age
29:37 Bloodlines
wayd21
0:27 Loom
11:30 Feudal Age
12:08 Double-Bit Axe
16:35 Castle Age
14:51 Horse Collar
16:21 Gold Mining
16:27 Stone Mining
17:15 Fletching
21:48 Heavy Plow
23:48 Wheelbarrow
24:22 Bodkin Arrow
25:59 Padded Archer Armor
26:57 Hand Cart
27:55 Leather Archer Armor
30:03 Ballistics
33:18 Imperial Age
Connection lost

Rejoining the realm…

Still unreachable

The connection could not be restored.

Session expired

The server has moved on; the page needs a fresh start.